AoeStats
← tetris92

Arabia

505497472Analyzed
1v1 RM · 24d ago on Sep 9, 2026· 52m 41s· 2 players
Game mode
Random Map
Map size
Tiny (2 player)
Population
200
Speed
Normal
Resources
Standard
Victory
Conquest
Starting age
Dark Age
Ending age
Imperial Age
RankedLock teamsTeams togetherTeam positionsShared explorationLock speedFull tech treeHidden civsTurbo modeCheats
Victory
Defeat
🇩🇪 Khmer · Germany
903
+15
🇦🇷 Maya · Argentina
879
-15
mparabere
0:36 Loom
9:52 Feudal Age
10:39 Double-Bit Axe
12:02 Horse Collar
18:08 Gold Mining
22:36 Castle Age
21:00 Scale Mail Armor
23:32 Forging
23:51 Squires
23:13 Pikeman
23:15 Eagle Warrior
24:00 Fletching
24:28 Chain Mail Armor
24:38 Heavy Plow
25:21 Elite Skirmisher
31:37 Fletching
31:49 Padded Archer Armor
34:12 Bodkin Arrow
34:53 Iron Casting
34:23 Squires
35:44 Leather Archer Armor
37:02 Stone Mining
38:00 Ballistics
37:54 Bow Saw
39:00 Stone Shaft Mining
41:01 Thumb Ring
44:09 Imperial Age
45:53 Blast Furnace
44:53 Bracer
45:21 Conscription
46:32 Elite Eagle Warrior
48:08 Ring Archer Armor
48:18 Halberdier
50:42 Thumb Ring
tetris92
9:20 Feudal Age
9:10 Loom
10:30 Double-Bit Axe
20:34 Castle Age
19:27 Fletching
20:05 Bloodlines
21:21 Light Cavalry
22:48 Bodkin Arrow
28:24 Wheelbarrow
29:43 Padded Archer Armor
34:49 Imperial Age
32:51 Hand Cart
34:01 Husbandry
36:29 Bracer
37:24 Ballistics
40:49 Chemistry
41:08 Scale Barding Armor
41:14 Forging
41:52 Horse Collar
42:24 Bow Saw
42:08 Town Watch
45:21 Double Crossbow
47:17 Chain Barding Armor
47:33 Iron Casting
52:04 Elite Ballista Elephant
Connection lost

Rejoining the realm…

Still unreachable

The connection could not be restored.

Session expired

The server has moved on; the page needs a fresh start.